 Dungeon Crawl Stone Soup version 0.26-a0-1101-g8f9f7f7418 (webtiles) character file.

Game seed: 5746169693233042837

106 tilp the Changer (level 4, -1/29 HPs)
             Began as an Octopode Transmuter on Dec 15, 2020.
             Slain by a leopard gecko (3 damage)
             ... on level 4 of the Dungeon.
             The game lasted 00:04:36 (3715 turns).

tilp the Changer (Octopode Transmuter)              Turns: 3715, Time: 00:04:36

Health: -1/29      AC:  1    Str:  9    XL:     4   Next: 84%
Magic:  7/7        EV: 13    Int: 16    God:
Gold:   188        SH:  0    Dex:  8    Spells: 1/7 levels left

rFire    . . .     SeeInvis .     - Unarmed
rCold    . . .     Faith    .   (no shield)
rNeg     . . .     Spirit   .   (helmet restricted)
rPois    .         Reflect  .   (no amulet)
rElec    .         Harm     .   g - -4 ring of dexterity (curse)
rCorr    +         Rampage  .   c - ring of resist corrosion
Will     .....                  d - ring of flight
Stlth    +++.......             (no ring)
HPRegen  0.09/turn              (no ring)
MPRegen  0.10/turn              (no ring)
                                (no ring)
                                (no ring)

@: no status effects
A: almost no armour, stealthy swim, amphibious, 8 rings, constrict 8, camouflage
1, gelatinous body 1
a: Evoke Flight


You were on level 4 of the Dungeon.
You visited 1 branch of the dungeon, and saw 4 of its levels.

You collected 188 gold pieces.

Inventory:

Missiles
 b - 17 stones (quivered)
Jewellery
 c - a ring of resist corrosion (right tentacle)
 d - a ring of flight (on tentacle)
 g - a cursed -4 ring of dexterity (left tentacle)
Scrolls
 f - 2 scrolls of teleportation
Potions
 a - a potion of magic
 e - a potion of curing
 h - a potion of mutation


   Skills:
 + Level 1.8 Fighting
 - Level 2.0 Dodging
 + Level 2.0 Stealth
 + Level 3.3 Unarmed Combat
 - Level 2.0 Spellcasting
 - Level 4.0 Transmutations


You had one spell level left.
You knew the following spells:

 Your Spells              Type           Power        Failure   Level
a - Beastly Appendage     Tmut           ##....       4%          1
b - Wereblood             Tmut           ##......     6%          2
c - Spider Form           Tmut/Pois      #.........   26%         3

Your spell library contained the following spells:

 Spells                   Type           Power        Failure   Level
 Ice Form                 Ice/Tmut       #.......     65%         4
 Blade Hands              Tmut           ##........   73%         5


Dungeon Overview and Level Annotations

Branches:
Dungeon (4/15)
 Temple: D:4-7

Altars:
Dithmenos
Kikubaaqudgha

Annotations:
D:3 exclusions: orc and orc warrior


Innate Abilities, Weirdness & Mutations

You cannot wear most types of armour.
You are very stealthy in the water. (Stealth+)
You are amphibious.
You can wear up to eight rings at the same time.
You can use your tentacles to constrict eight enemies at once.
Your skin changes colour to match your surroundings (Stealth+).
Your rubbery body absorbs attacks. (AC +1, EV +1)


Message History

You constrict the adder. The adder closely misses you.
The leopard gecko bites you.
* * * LOW HITPOINT WARNING * * *
The adder bites you.
* * * LOW HITPOINT WARNING * * *
The leopard gecko barely misses you.
You feel better.
You constrict the adder. The adder barely misses you.
The leopard gecko barely misses you.
Unknown command.
You barely miss the adder.
You pierce the adder.
You squeeze the adder.
You kill the adder!
Your tentacle spike disappears.
The leopard gecko bites you.
* * * LOW HITPOINT WARNING * * *
Your Stealth skill increases to level 2!
Unknown command.
You tentacle-slap the leopard gecko. Your grab misses the leopard gecko.
The leopard gecko is moderately wounded.
The leopard gecko bites you.
You die...

........
##.......
#........
#.......#
#......#
#......##
#.....l)###
#.....@...#
#........#....
#.....$..# .
#.....$.....
##....#.#...#
####.#####.#
.. .# ... .


You could see a leopard gecko.

Vanquished Creatures
  4 adders
  2 oozes (D:1)
  2 dart slugs (D:1)
  A leopard gecko (D:3)
  3 orcs
  A giant cockroach (D:2)
  5 goblins
  8 hobgoblins
  3 jackals (D:2)
  8 kobolds
  A quokka (D:2)
  A ball python (D:1)
  3 bats
  3 frilled lizards (D:2)
  10 rats
55 creatures vanquished.

Notes
Turn   | Place    | Note
-------+----------+-------------------------------------------
     0 | D:1      | tilp the Octopode Transmuter began the quest for the Orb.
     0 | D:1      | Reached XP level 1. HP: 13/13 MP: 3/3
   125 | D:1      | Reached XP level 2. HP: 12/18 MP: 3/5
   148 | D:1      | Learned a level 2 spell: Wereblood
   407 | D:1      | Reached skill level 3 in Transmutations
   610 | D:1      | Reached XP level 3. HP: 17/23 MP: 4/6
   640 | D:1      | Learned a level 3 spell: Spider Form
  1401 | D:2      | Reached skill level 4 in Transmutations
  1564 | D:2      | Found an ancient bone altar of Kikubaaqudgha.
  1874 | D:2      | Reached XP level 4. HP: 22/28 MP: 7/7
  2119 | D:2      | Reached skill level 1 in Stealth
  3094 | D:3      | Found a shadowy altar of Dithmenos.
  3502 | D:3      | Noticed an orc warrior
  3712 | D:4      | HP: 1/29 [adder (3)]
  3715 | D:4      | Slain by a leopard gecko

Illustrated notes

Levels and vault maps discovered:
D:1:      dpeg_arrival_ratfight, layout_rooms
D:2:      layout_loops_cross, old_standard_altar
D:3:      layout_loops_cross, minmay_misc_feat_doors, grunt_dithmenos_smoke
D:4:      layout_cave_pools, marbit_many_paths, uniq_ijyb

Skill      XL: |  1  2  3  4 |
---------------+-------------+-----
Transmutations | 3 4 |  4.0
Stealth        | 2 |  2.0
Fighting       | |  1.8
Dodging        | |  2.0
Unarmed Combat | |  3.3
Spellcasting   | |  2.0

Action                   |  1- 3 |  4- 6 || total
-------------------------+-------+-------++-------
Melee: Unarmed           |    79 |    68 ||   147
       Kick              |    13 |     9 ||    22
       Constrict         |    17 |    15 ||    32
       Tentacles         |     2 |     6 ||     8
       Punch             |     2 |       ||     2
Throw: Stone             |     9 |       ||     9
 Cast: Beastly Appendage |    23 |    15 ||    38
       Wereblood         |     1 |     1 ||     2
  Use: Scroll            |     3 |     7 ||    10
       Potion            |       |     1 ||     1
 Stab: Sleeping          |     5 |     2 ||     7
Armor: Skin              |     4 |     3 ||     7
Dodge: Dodged            |    40 |    47 ||    87

Table legend: (Time is in decaauts)
 A = Elapsed time spent in this place.
 B = Non-inter-level travel time spent in this place.
 C = Inter-level travel time spent in this place.
 D = Time resting spent in this place.
 E = Time spent auto-exploring this place.
 F = Levels seen in this place.
 G = Mean time per level.
                   A        B        C        D        E       F      G
               +--------+--------+--------+--------+--------+-----+--------+
         Total |   3708 |   3576 |    132 |   1341 |   1830 |   4 |  927.0 |
       Dungeon |   3708 |   3576 |    132 |   1341 |   1830 |   4 |  927.0 |
               +--------+--------+--------+--------+--------+-----+--------+

Top non-repeatable levels by time:
     D:2: 1548 daAuts
     D:1: 1234 daAuts
     D:3: 910 daAuts
     D:4: 14 daAuts
